 Dungeon Crawl Stone Soup version 0.30-a0-639-g3916f1956a (webtiles) character file.

Game seed: 9971703507173703435

938 lesbiats the Ruffian (level 7, -4/71 HPs)
             Began as a Troll Fighter on Jan 17, 2023.
             Was an Initiate of Wu Jian.
             Slain by a two-headed ogre
             ... wielding a +0 giant spiked club
              (6 damage)
             ... on level 6 of the Dungeon.
             The game lasted 00:12:51 (4175 turns).

lesbiats the Ruffian (Troll Fighter)                Turns: 4175, Time: 00:12:51

Health: -4/71      AC:  4    Str: 31    XL:     7   Next: 87%
Magic:  6/6        EV:  8    Int:  6    God:    Wu Jian [......]
Gold:   288        SH:  8    Dex:  9    Spells: 4/6 levels left

rFire   . . .      SeeInvis .      - Unarmed
rCold   . . .      Faith    .    b - +0 kite shield
rNeg    . . .      Spirit   .    a - +0 robe
rPois   .          Reflect  .    (helmet restricted)
rElec   .          Harm     .    (no cloak)
rCorr   .          Rampage  .    (gloves unavailable)
Will    +....                    (boots unavailable)
Stlth   +                        w - amulet of regeneration
HPRegen 1.91/turn                q - ring of willpower
MPRegen 0.10/turn                v - +6 ring of strength

@: no status effects
A: large, unfitting armour, claws 3, regeneration 1, shaggy fur 1, tough skin 1
a: Renounce Religion


You were on level 6 of the Dungeon.
You worshipped Wu Jian.
Wu Jian was noncommittal.
You visited 2 branches of the dungeon, and saw 7 of its levels.

You collected 288 gold pieces.

Inventory:

Missiles
 j - 7 javelins
 y - 4 poisoned darts
 z - 3 boomerangs (quivered)
Armour
 a - a +0 robe (worn)
 b - a +0 kite shield (worn)
Jewellery
 q - a ring of willpower (left claw)
 v - a +6 ring of strength (right claw)
 w - an amulet of regeneration (around neck)
 F - a +6 ring of dexterity
Wands
 A - a wand of iceblast (10)
 C - a wand of flame (10)
Scrolls
 d - a scroll of blinking {unknown}
 e - 2 scrolls of enchant weapon
 f - 2 scrolls of noise {unknown}
 g - 2 scrolls of immolation
 h - 2 scrolls of fear
 n - a scroll of teleportation {unknown}
 o - a scroll of magic mapping {unknown}
 D - a scroll of fog {unknown}
 E - a scroll of enchant armour {unknown}
Potions
 c - a potion of might
 i - 2 potions of heal wounds
 k - 4 potions of berserk rage
 l - a potion of brilliance {unknown}
 m - 2 potions of resistance {unknown}
 p - 3 potions of haste
 r - 5 potions of curing
 s - 2 potions of magic {unknown}
 t - a potion of cancellation {unknown}
 u - a potion of degeneration {unknown}
 B - a potion of attraction {unknown}


   Skills:
 + Level 4.4 Fighting
 - Level 2.4 Dodging
 + Level 4.9 Shields
 * Level 6.7 Unarmed Combat


You had 4 spell levels left.
You knew the following spells:

 Your Spells              Type           Power      Damage    Failure   Level
a - Passwall              Tmut/Erth      0%         N/A       86%         2

Your spell library contained the following spells:

 Spells                   Type           Power      Damage    Failure   Level
 Ensorcelled Hibernation  Hex/Ice        0%         N/A       86%         2
 Inner Flame              Hex/Fire       0%         N/A       97%         3
 Swiftness                Air            0%         N/A       97%         3
 Flame Wave               Conj/Fire      0%         2d4       100%        4
 Sticky Flame             Conj/Fire      0%         2d3       100%        4
 Fireball                 Conj/Fire      0%         3d3       100%        5
 Iskenderun's Battlesphe  Conj           0%         2d6       100%        5
 Conjure Ball Lightning   Conj/Air       0%         3x3d6     100%        6
 Orb of Destruction       Conj           0%         9d5       100%        7


Dungeon Overview and Level Annotations

Branches:
Dungeon (6/15)             Temple (1/1) D:4

Altars:
Cheibriados
Elyvilon
Fedhas
Gozag
Hepliaklqana
Makhleb
Okawaru
Sif Muna
Trog
Uskayaw
Vehumet
Wu Jian
Xom
Zin

Shops:
D:2 (   D:5 *


Innate Abilities, Weirdness & Mutations

You are too large for most types of armour.
You have claws for hands.
Your natural rate of healing is unusually fast.
You are covered in fur. (AC +1)
You have tough skin. (AC +1)


Message History

Aim: a two-headed ogre, wielding a +0 giant spiked club and a +0 giant club (poisoned, 72% to hit)
You throw a poisoned dart.
The poisoned dart completely misses the two-headed ogre.
Throw: 7 darts (poison)
Press: ? - help, Shift-Dir - straight line, f/p - two-headed ogre
Aim: a two-headed ogre, wielding a +0 giant spiked club and a +0 giant club (poisoned, 72% to hit)
You throw a poisoned dart.
The poisoned dart barely misses the two-headed ogre.
Throw: 6 darts (poison)
Press: ? - help, Shift-Dir - straight line, f/p - two-headed ogre
Aim: a two-headed ogre, wielding a +0 giant spiked club and a +0 giant club (lightly wounded, poisoned, 72% to hit)
You throw a poisoned dart.
The poisoned dart hits the two-headed ogre.
The two-headed ogre looks even sicker.
The two-headed ogre is lightly wounded.
Throw: 5 darts (poison)
Press: ? - help, Shift-Dir - straight line, f/p - two-headed ogre
Aim: a two-headed ogre, wielding a +0 giant spiked club and a +0 giant club (lightly wounded, very poisoned, 72% to hit)
You throw a poisoned dart.
The poisoned dart hits the two-headed ogre.
The two-headed ogre is lightly wounded.
You barely miss the two-headed ogre.
The two-headed ogre is lightly wounded.
The two-headed ogre hits you with a +0 giant spiked club!
The two-headed ogre hits you with a +0 giant club!
You claw the two-headed ogre!
The two-headed ogre is moderately wounded.
The two-headed ogre hits you with a +0 giant spiked club!
The two-headed ogre hits you with a +0 giant club!
* * * LOW HITPOINT WARNING * * *
The two-headed ogre looks more healthy.
There is a stone staircase leading up, spattered with blood here.
The two-headed ogre attacks as you move away!
The two-headed ogre hits you with a +0 giant spiked club!
You block the two-headed ogre's attack.
The two-headed ogre attacks as you move away!
The two-headed ogre hits you with a +0 giant spiked club!!
* * * LOW HITPOINT WARNING * * *
The two-headed ogre hits you with a +0 giant club.
You die...

#
.........###.#.##.....###..
#. #.######.###.#.##.#..##
#. .............#.##...##
#..#.######.#...).##..##
...#.#......#.#...#..##
.....#.####.#.#..)..##
#...# #.#.#...<.# #.#.##
#.#.#.O...##
#.#..###.#.#.@....#
#.#......#.#..........
#.#.###....#....#.#...
#.#.# ##...#...........
..#.# #...#...........
###.# #............... #.#
#..........#### #.#
###..#>....# #.# ..#..


You could see a two-headed ogre.

Vanquished Creatures
  A black bear (D:5)
  An ogre (D:5)
  A centaur (D:5)
  A phantom (D:4)
  A necrophage (D:5)
  A hound (D:5)
  4 jellies
  3 orc priests
  Ijyb (D:4)
  3 iguanas
  8 adders
  3 ufetubi
  A worm (D:4)
  A dart slug (D:3)
  20 orcs
  4 bats
  12 endoplasms
  2 giant cockroaches (D:1)
  7 goblins
  3 hobgoblins
  2 jackals (D:2)
  10 kobolds
  6 quokkas
  6 ball pythons
  2 frilled lizards
  4 rats (D:2)
108 creatures vanquished.

Vanquished Creatures (others)
  2 fungi (D:2)
  12 toadstools (D:2)
14 creatures vanquished.

Grand Total: 122 creatures vanquished

Notes
Turn   | Place    | Note
-------+----------+-------------------------------------------
     0 | D:1      | lesbiats the Troll Fighter began the quest for the Orb.
     0 | D:1      | Reached XP level 1. HP: 22/22 MP: 0/0
   232 | D:1      | Found a faded altar of an unknown god.
   330 | D:1      | Reached XP level 2. HP: 27/29 MP: 1/1
   591 | D:2      | Reached XP level 3. HP: 36/36 MP: 2/2
   619 | D:2      | Reached skill level 3 in Unarmed Combat
   873 | D:2      | Reached XP level 4. HP: 43/44 MP: 3/3
   935 | D:2      | Found Rarer's Weapon Shoppe.
  1147 | D:2      | Reached skill level 4 in Unarmed Combat
  1147 | D:2      | Reached XP level 5. HP: 42/53 MP: 4/4
  1539 | D:3      | You fall into a shaft and drop 3 floors!
  1582 | D:5      | Entered Level 5 of the Dungeon
  1871 | D:4      | Noticed a phantom
  1885 | D:4      | Killed a phantom
  1886 | D:4      | Reached XP level 6. HP: 51/61 MP: 5/5
  2620 | D:4      | Found a staircase to the Ecumenical Temple.
  2627 | Temple   | Entered the Ecumenical Temple
  2723 | Temple   | Became a worshipper of the Wu Jian Council
  2908 | D:4      | Reached skill level 5 in Unarmed Combat
  3104 | D:4      | Found a shimmering blue altar of Sif Muna.
  3223 | D:4      | Found a glowing silver altar of Zin.
  3224 | D:4      | Found a radiant altar of Vehumet.
  3282 | D:5      | Noticed Ijyb
  3293 | D:4      | Killed Ijyb
  3330 | D:5      | Reached XP level 7. HP: 68/68 MP: 6/6
  3358 | D:5      | Reached skill level 6 in Unarmed Combat
  3623 | D:5      | Learned a level 2 spell: Passwall
  3790 | D:5      | Found Catwutz's Lightly-Used Armoury.
  4150 | D:6      | Noticed a two-headed ogre
  4175 | D:6      | HP: 2/71 [two-headed ogre/+0 giant spiked club (33)]
  4175 | D:6      | Slain by a two-headed ogre

Illustrated notes

Levels and vault maps discovered:
D:1:      giann_horns, layout_basic, hellmonk_ecumenical_altar_blasted
D:2:      cheibrodos_fertilizer, layout_loops_ring, serial_shops,
          nicolae_shop_bloodbath_and_beyond
D:3:      layout_loops_ring
D:4:      layout_gridville, mainiacjoe_overflow_six_doors_small, minitemple,
          minmay_temple_entry_enclosed_plants
D:5:      layout_basic, minmay_shop_damaged, uniq_ijyb
D:6:      minmay_cornered_nines, layout_basic, nemelex_spade_bored_becter,
          eino_small_chamber_without_monster, dreamdust_princess_bridge
Temple:   bh_familiar_temple

Skill      XL: |  1  2  3  4  5  6  7 |
---------------+----------------------+-----
Shields        | 3 4 |  4.9
Unarmed Combat | 3 4 5 6 |  6.7
Fighting       | 3 4 |  4.4
Dodging        | |  2.4

Action                   |  1- 3 |  4- 6 |  7- 9 || total
-------------------------+-------+-------+-------++-------
Melee: Unarmed           |    86 |   202 |    45 ||   333
Throw: Dart              |       |       |     5 ||     5
Invok: Lunge             |       |     4 |     2 ||     6
  Use: Scroll            |       |     4 |     2 ||     6
Armor: Robe              |    43 |    47 |     6 ||    96
Dodge: Dodged            |    32 |    69 |    14 ||   115
Block: Kite shield       |    26 |    82 |    14 ||   122

Table legend: (Time is in decaauts)
 A = Elapsed time spent in this place.
 B = Non-inter-level travel time spent in this place.
 C = Inter-level travel time spent in this place.
 D = Time resting spent in this place.
 E = Time spent auto-exploring this place.
 F = Levels seen in this place.
 G = Mean time per level.
                   A        B        C        D        E       F      G
               +--------+--------+--------+--------+--------+-----+--------+
         Total |   4191 |   3927 |    264 |    188 |   2743 |   7 |  598.7 |
       Dungeon |   3956 |   3767 |    189 |    188 |   2594 |   6 |  659.3 |
        Temple |    234 |    159 |     75 |      0 |    149 |   1 |  234.0 |
               +--------+--------+--------+--------+--------+-----+--------+

Top non-repeatable levels by time:
     D:5: 980 daAuts
     D:2: 852 daAuts
     D:4: 808 daAuts
     D:3: 642 daAuts
     D:1: 573 daAuts
  Temple: 234 daAuts
     D:6: 100 daAuts
